 Dungeon Crawl Stone Soup version 0.29-a0-1006-g0dd7720b37 (webtiles) character file.

Game seed: 8576132876495025787

45 avis the Chiller (level 3, -8/29 HPs)
             Began as a Demigod Ice Elementalist on Aug 7, 2022.
             Mangled by Terence
             ... wielding a +6 flail of holy wrath
              (16 damage)
             ... on level 2 of the Dungeon.
             The game lasted 00:11:02 (2139 turns).

avis the Chiller (Demigod Ice Elementalist)         Turns: 2139, Time: 00:11:02

Health: -8/29      AC:  2    Str:  9    XL:     3   Next: 25%
Magic:  1/8        EV: 12    Int: 17    God:
Gold:   54         SH:  0    Dex: 18    Spells: 5/6 levels left

rFire   . . .      SeeInvis .   d - +0 dagger
rCold   . . .      Faith    .   (no shield)
rNeg    . . .      Spirit   .   a - +0 robe
rPois   .          Reflect  .   (no helmet)
rElec   .          Harm     .   (no cloak)
rCorr   .          Rampage  .   (no gloves)
Will    .....                   (no boots)
Stlth   ++........              (no amulet)
HPRegen 0.09/turn               (no ring)
MPRegen 0.11/turn               (no ring)

@: no status effects
A: high MP 1, forlorn, divine attributes
a: no special abilities


You were on level 2 of the Dungeon.
You visited 1 branch of the dungeon, and saw 2 of its levels.

You collected 54 gold pieces.

Inventory:

Hand Weapons
 d - a +0 dagger (weapon)
Armour
 a - a +0 robe (worn)
Scrolls
 e - a scroll of vulnerability {unknown}
 f - a scroll of identify {unknown}
 h - a scroll of teleportation {unknown}
 i - a scroll of enchant armour {unknown}
Potions
 b - a potion of magic
 c - 2 potions of curing {unknown}
 g - a potion of lignification {unknown}


   Skills:
 * Level 1.8 Fighting
 - Level 2.0 Dodging
 - Level 2.0 Stealth
 - Level 2.0 Spellcasting
 - Level 4.0 Ice Magic


You had 5 spell levels left.
You knew the following spells:

 Your Spells              Type           Power      Damage    Failure   Level
a - Freeze                Ice            60%        1d8       3%          1

Your spell library contained the following spells:

 Spells                   Type           Power      Damage    Failure   Level
 Frozen Ramparts          Ice            30%        1d5       11%         3
 Ozocubu's Armour         Ice            15%        N/A       11%         3
 Sublimation of Blood     Necr           1%         N/A       28%         2
 Hailstorm                Conj/Ice       8%         3d4       63%         4
 Petrify                  Tmut/Erth      1%         N/A       88%         4
 Irradiate                Conj/Tmut      0%         3d11      99%         5


Dungeon Overview and Level Annotations

Branches:
Dungeon (2/15)

Annotations:
D:2 Terence


Innate Abilities, Weirdness & Mutations

You have an increased reservoir of magic. (+10% MP)
You shall have no god before yourself.
Your divine heritage dramatically boosts your attributes as you level up.


Message History

Terence closely misses you.
Casting: Freeze (safe; 3% risk of failure)
Confirm with . or Enter, or press ? or * to list all spells.
Okay, then.
Casting: Freeze (safe; 3% risk of failure)
Confirm with . or Enter, or press ? or * to list all spells.
Aiming: Freeze (safe; 3% risk of failure)
Press: ? - help, Shift-Dir - straight line, f - Terence
Aim: Terence, wielding a +6 flail of holy wrath and wearing a +0 ring mail You freeze Terence.
Terence is lightly wounded.
Terence hits you with a +6 flail of holy wrath!
Ouch! That really hurt!
Casting: Freeze (safe; 3% risk of failure)
Confirm with . or Enter, or press ? or * to list all spells.
Aiming: Freeze (safe; 3% risk of failure)
Press: ? - help, Shift-Dir - straight line, f/p - Terence
Aim: Terence, wielding a +6 flail of holy wrath and wearing a +0 ring mail (lightly wounded)
You freeze Terence.
Terence is moderately wounded.
Terence barely misses you.
Casting: Freeze (safe; 3% risk of failure)
Confirm with . or Enter, or press ? or * to list all spells.
Aiming: Freeze (safe; 3% risk of failure)
Press: ? - help, Shift-Dir - straight line, f/p - Terence
Aim: Terence, wielding a +6 flail of holy wrath and wearing a +0 ring mail (moderately wounded)
You freeze Terence!
Terence is heavily wounded.
Terence hits you with a +6 flail of holy wrath.
* * * LOW HITPOINT WARNING * * *
Casting: Freeze (safe; 3% risk of failure)
Confirm with . or Enter, or press ? or * to list all spells.
Aiming: Freeze (safe; 3% risk of failure)
Press: ? - help, Shift-Dir - straight line, f/p - Terence
Aim: Terence, wielding a +6 flail of holy wrath and wearing a +0 ring mail (heavily wounded)
You freeze Terence.
Terence is almost dead.
Terence hits you with a +6 flail of holy wrath!
Ouch! That really hurt!
You die...

.#......##.########.########
........................#
.######.##.########.###.#
#......#...........#
#.###..#..##########
#.###..#......#
#.#....#...##.# #.#.#.##...#
#.#.#.....@# #.#...##.@.# #
#.#...##...# #.#.#.####...#
# #.......##...##.#
#...............###
#...#.#.##.........
#...#.#.##..#######
#...#.#.##.........


You could see Terence.

Vanquished Creatures
  An adder (D:2)
  4 ball pythons
  4 bats (D:1)
  2 endoplasms
  3 giant cockroaches
  A hobgoblin (D:1)
  3 jackals (D:1)
  5 kobolds (D:1)
  A quokka (D:2)
  A frilled lizard (D:1)
  3 goblins (D:1)
  3 rats (D:1)
  A bush (D:1)
32 creatures vanquished.

Vanquished Creatures (others)
  5 plants (D:1)
5 creatures vanquished.

Grand Total: 37 creatures vanquished

Notes
Turn   | Place    | Note
-------+----------+-------------------------------------------
     0 | D:1      | avis the Demigod Ice Elementalist began the quest for the
                  | Orb.
     0 | D:1      | Reached XP level 1. HP: 14/14 MP: 5/5
   214 | D:1      | Reached skill level 1 in Fighting
   412 | D:1      | Reached XP level 2. HP: 15/23 MP: 2/7
   886 | D:1      | Reached skill level 4 in Ice Magic
  2047 | D:2      | Reached XP level 3. HP: 26/28 MP: 4/8
  2111 | D:2      | Noticed Terence
  2139 | D:2      | Mangled by Terence

Illustrated notes

Levels and vault maps discovered:
D:1:      sevenhm_arrival_forest_fort_large_2, layout_loops_ring,
          ebering_ecumenical_altar_abandoned, serial_forest,
          infiniplex_forest_lined_2, infiniplex_forest_lined_corner,
          infiniplex_forest_end_1, infiniplex_forest_straight_5,
          infiniplex_forest_corner_1, infiniplex_forest_clump_medium,
          infiniplex_forest_lined_2, infiniplex_forest_clump_diagonal
D:2:      layout_basic, grunt_decor_clamped, uniq_terence

Skill      XL: |  1  2 |
---------------+-------+-----
Fighting       | 1 |  1.8
Dodging        | 2 |  2.0
Stealth        | 2 |  2.0
Spellcasting   | 2 |  2.0
Ice Magic      | 4 |  4.0

Action                   || total
-------------------------++-------
Melee: Dagger            ||   293
       Punch             ||     8
 Cast: Freeze            ||    61
 Stab: Sleeping          ||     4
Armor: Robe              ||     9
Dodge: Dodged            ||    37

Table legend: (Time is in decaauts)
 A = Elapsed time spent in this place.
 B = Non-inter-level travel time spent in this place.
 C = Inter-level travel time spent in this place.
 D = Time resting spent in this place.
 E = Time spent auto-exploring this place.
 F = Levels seen in this place.
 G = Mean time per level.
                   A        B        C        D        E       F      G
               +--------+--------+--------+--------+--------+-----+--------+
         Total |   2139 |   1943 |    196 |    592 |    648 |   2 | 1069.5 |
       Dungeon |   2139 |   1943 |    196 |    592 |    648 |   2 | 1069.5 |
               +--------+--------+--------+--------+--------+-----+--------+

Top non-repeatable levels by time:
     D:1: 1964 daAuts
     D:2: 174 daAuts
